 Dungeon Crawl Stone Soup version 0.19.1 (webtiles) character file.

685 ChaseSP the Chopper (level 7, -2/52 HPs)
             Began as a Formicid Fighter on Dec 3, 2016.
             Was an Initiate of Qazlal.
             Slain by Menkaure (12 damage)
             ... on level 4 of the Dungeon.
             The game lasted 00:07:09 (2550 turns).

ChaseSP the Chopper (Formicid Fighter)              Turns: 2550, Time: 00:07:10

Health: -2/52      AC: 11    Str: 20    XL:     7   Next: 93%
Magic:  7/7        EV:  6    Int:  8    God:    Qazlal [......]
Gold:   186        SH: 10    Dex: 12    Spells: 0 memorised, 6 levels left

rFire  . . .     SeeInvis +     a - +1 war axe
rCold  . . .     Gourm    .     B - +0 chain mail
rNeg   . . .     Faith    +     c - +0 shield
rPois  .         Spirit   .     (helmet unavailable)
rElec  .         Reflect  .     z - +1 cloak
rCorr  .         Harm     .     (no gloves)
MR     .....                    (no boots)
Stlth  ..........               o - amulet of faith
                                (no ring)
                                (no ring)

@: no status effects
A: permanent stasis, dig shafts and tunnels, four strong arms, antennae 3
a: Dig, Shaft Self, Renounce Religion


You were on level 4 of the Dungeon.
You worshipped Qazlal.
Qazlal was noncommittal.
You were near starving.

You visited 2 branches of the dungeon, and saw 5 of its levels.

You collected 186 gold pieces.

Inventory:

Hand Weapons
 a - a +1 war axe (weapon)
 p - a +0 hand crossbow
Armour
 c - a +0 shield (worn)
 z - a +1 cloak (worn)
 B - a +0 chain mail (worn)
Jewellery
 o - an amulet of faith (around neck)
 s - an uncursed amulet of regeneration
Wands
 y - a wand of teleportation (0/9)
Scrolls
 b - a scroll of remove curse
 e - a scroll of enchant weapon
 m - a scroll of identify
Potions
 g - a potion of agility {unknown}
 h - a potion of brilliance {unknown}
 j - 3 potions of flight
 k - 2 potions of magic {unknown}
 n - 2 potions of berserk rage {unknown}
 q - a potion of curing {unknown}
 t - 2 potions of degeneration {unknown}
 v - 2 potions of heal wounds {unknown}
Comestibles
 f - 4 bread rations
 l - 3 beef jerkies
 u - 3 meat rations
 x - a slice of pizza


   Skills:
 - Level 3.2 Fighting
 * Level 7.2 Axes
 - Level 3.2 Armour
 + Level 6.2 Shields


You had 6 spell levels left.
You didn't know any spells.

Dungeon Overview and Level Annotations

Branches:
Dungeon (4/15)             Temple (1/1) D:4

Altars:
Ashenzari
Dithmenos
Elyvilon
Fedhas
Gozag
Hepliaklqana
Kikubaaqudgha
Makhleb
Nemelex Xobeh
Okawaru
Qazlal
Sif Muna
Uskayaw
Yredelemnul
Zin
The Shining One

Shops:
D:4 =

Annotations:
D:3 exclusion: oklob plant
D:4 Grinder, Menkaure


Innate Abilities, Weirdness & Mutations

You are under a permanent stasis effect.
You can dig through walls and to a lower floor.
Your four strong arms can wield two-handed weapons with a shield.
You have a pair of large antennae on your head. (SInv)


Message History

Grinder is severely wounded.
Grinder hits you but does no damage.
Menkaure calls on the powers of darkness!
Your body is wracked with pain!
* * * LOW HITPOINT WARNING * * *
Unknown command.
You hit Grinder but do no damage.
Grinder is severely wounded.
Grinder gestures at you.
You struggle to resist.
Grinder blinks!
Unknown command.
Okay, then.
You extend your mandibles.
You dig through the rock wall.
You block Menkaure's attack.
You dig through the rock wall.
You dig through the rock wall.
You dig through the rock wall.
You are near starving!
Menkaure hits you!
You die...

#######.....#
#........##.#
#......).##.###
#........##..(##
#.[............######
#........####........
#...........#.#######
##########..#§M......
. #@#.#..#{.##.## #
##M##..#..#
#####.....> ###.#..#
.#..# ..... #..... #.


You could see Menkaure.

Vanquished Creatures
  The ghost of ChaseSP the Shield-Bearer, a novice FoFi (D:3)
  Edmund (D:3)
  A black bear (D:4)
  A bullfrog zombie (D:4)
  Ijyb (D:2)
  Robin (D:4)
  5 adders
  An adder skeleton (D:4)
  3 worms
  A dart slug (D:1)
  5 leopard geckos
  4 orcs
  5 giant cockroaches
  11 hobgoblins
  4 jackals (D:2)
  4 kobolds
  A quokka (D:2)
  4 bats
  4 frilled lizards (D:1)
  15 goblins
  5 rats
  3 plants (D:1)
81 creatures vanquished.

Notes
Turn   | Place    | Note
-------+----------+-------------------------------------------
     0 | D:1      | ChaseSP the Formicid Fighter began the quest for the Orb.
     0 | D:1      | Reached XP level 1. HP: 18/18 MP: 1/1
   107 | D:1      | Reached XP level 2. HP: 22/24 MP: 2/2
   339 | D:1      | Reached skill level 3 in Axes
   526 | D:1      | Reached XP level 3. HP: 27/29 MP: 3/3
   825 | D:2      | Reached XP level 4. HP: 31/35 MP: 4/4
   919 | D:2      | Found a burning altar of Makhleb.
   925 | D:2      | Found a glowing silver altar of Zin.
   925 | D:2      | Noticed an angel
   925 | D:2      | Noticed a cacodemon
   983 | D:2      | Noticed Ijyb
   997 | D:2      | Reached skill level 4 in Axes
  1150 | D:2      | Killed Ijyb
  1150 | D:2      | Reached XP level 5. HP: 41/41 MP: 5/5
  1476 | D:3      | Found a blossoming altar of Fedhas.
  1560 | D:3      | Noticed ChaseSP's ghost (novice FoFi)
  1570 | D:3      | Killed ChaseSP's ghost
  1570 | D:3      | Reached skill level 6 in Axes
  1570 | D:3      | Reached skill level 5 in Shields
  1570 | D:3      | Reached XP level 6. HP: 32/47 MP: 6/6
  1570 | D:3      | Reached XP level 7. HP: 35/52 MP: 7/7
  1874 | D:3      | Noticed an oklob plant
  1937 | D:4      | Noticed Edmund
  1939 | D:4      | Noticed Robin
  1980 | D:3      | Killed Edmund
  2185 | D:4      | Killed Robin
  2206 | D:4      | Found Kuodghem's Jewellery Shoppe.
  2256 | D:4      | Found a staircase to the Ecumenical Temple.
  2321 | Temple   | Entered the Ecumenical Temple
  2463 | Temple   | Became a worshipper of Qazlal Stormbringer
  2526 | D:4      | Noticed Grinder
  2530 | D:4      | Reached skill level 7 in Axes
  2536 | D:4      | Noticed Menkaure
  2550 | D:4      | Slain by Menkaure

Skill      XL: |  1  2  3  4  5  6  7 |
---------------+----------------------+-----
Axes           | 3 4 6 7 |  7.2
Shields        | 4 5 6 |  6.2
Fighting       | |  3.2
Armour         | |  3.2

Action                   |  1- 3 |  4- 6 |  7- 9 || total
-------------------------+-------+-------+-------++-------
Melee: War axe           |   182 |    90 |    65 ||   337
       Unarmed           |       |       |     8 ||     8
 Abil: Dig               |       |     1 |     2 ||     3
  Use: Scroll            |       |     6 |     1 ||     7
       Potion            |       |     1 |       ||     1
  Eat: Chunk             |       |     3 |     2 ||     5
Armor: Scale mail        |    41 |    30 |    44 ||   115
       Chain mail        |       |    12 |     8 ||    20
Dodge: Dodged            |    22 |    33 |    37 ||    92
Block: Shield            |    56 |    58 |    53 ||   167
